 Dungeon Crawl Stone Soup version 0.18-a0-1390-gc02854d (webtiles) character file.

1005 gorblad the Covert (level 8, -6/37 HPs)
             Began as a Felid Monk on Feb 22, 2016.
             Mangled by Pikel
             ... wielding a +0 whip of flaming
              (11 damage)
             ... on level 6 of the Dungeon.
             The game lasted 00:06:26 (5314 turns).

gorblad the Covert (Felid Monk)                     Turns: 5314, Time: 00:06:26

Health: -6/37      AC:  2    Str:  7    XL:     8   Next: 0%
Magic:  9/9        EV: 27    Int: 12    God:
Gold:   325        SH:  0    Dex: 20    Spells: 0 memorised, 7 levels left
                                        Lives:  0   Deaths: 2

rFire  . . .     SeeInvis +       - Unarmed
rCold  + . .     Gourm    .     (armour unavailable)
rNeg   . . .     Faith    .     (shield unavailable)
rPois  .         Spirit   .     (helmet unavailable)
rElec  .         Dismiss  .     (cloak unavailable)
rCorr  .         Reflect  .     (gloves unavailable)
SustAt .         Harm     .     (boots unavailable)
MR     +....                    (no amulet)
Stlth  ++++++....               k - ring of flight
                                p - ring of protection from cold

@: quick, somewhat resistant to hostile enchantments, very stealthy
A: no armour, no weapons or thrown items, claws 1, fangs 3, see invisible,
carnivore 3, speed 1, shaggy fur 2, slow metabolism 1, no device heal 1, sharp
paws
a: Evoke Flight


You were on level 6 of the Dungeon.
You were very full.

You visited 1 branch of the dungeon, and saw 6 of its levels.

You collected 325 gold pieces.

Inventory:

Jewellery
 e - a cursed ring of teleportation
 k - a ring of flight (right paw)
 p - a ring of protection from cold (left paw)
Scrolls
 b - 3 scrolls of amnesia
 d - 3 scrolls of remove curse
 f - a scroll of recharging
 h - 2 scrolls of identify
 n - a scroll of teleportation {unknown}
Potions
 g - a potion of degeneration
 j - 2 potions of agility {unknown}
 l - a potion of invisibility
 m - a potion of lignification {unknown}
 o - a potion of magic {unknown}
Books
 i - a Fen Folio

   Spells                             Type                      Level
   a - Corpse Rot                     Necromancy                   2
   b - Stone Arrow                    Conjuration/Earth            3
   c - Leda's Liquefaction            Hexes/Earth                  4
   d - Summon Forest                  Summoning/Translocation      5
   e - Hydra Form                     Transmutation                6
   f - Summon Hydra                   Summoning                    7
Comestibles
 a - 4 meat rations
 c - a slice of pizza


   Skills:
 + Level 5.4 Fighting
 * Level 9.5 Dodging
 * Level 9.9 Stealth
 + Level 6.0 Unarmed Combat


You had 7 spell levels left.
You didn't know any spells.

Dungeon Overview and Level Annotations

Branches:
Dungeon (6/15)             Temple (0/1) D:4

Altars:
Cheibriados
Gozag
Makhleb
Okawaru
Pakellas
Qazlal

Shops:
D:5 %

Annotations:
D:6 Pikel


Innate Abilities, Weirdness & Mutations

You cannot wear armour.
You are incapable of wielding weapons or throwing items.
You have sharp claws.
You have razor-sharp teeth.
You have supernaturally acute eyesight.
You are carnivorous and can eat meat at any time.
You cover ground quickly.
You are covered in thick fur (AC +2).
You have a slow metabolism.
Your sharp claws are effective at attacking unaware monsters.
Potions and wands are less effective at restoring your health.


Message History

You scratch the slave. Your bite misses the slave.
The slave is lightly wounded.
You scratch Pikel but do no damage. You bite Pikel, but do no damage.
Pikel is moderately wounded.
You claw Pikel!
Pikel is heavily wounded.
Pikel drinks a potion.
Pikel is healed!
You scratch Pikel.
Pikel is moderately wounded.
Pikel hits you with a whip of flaming.
* * * LOW HITPOINT WARNING * * *
Pikel burns you.
* * * LOW HITPOINT WARNING * * *
You barely miss Pikel.
Pikel is moderately wounded.
Pikel completely misses you.
You barely miss Pikel. Your bite misses Pikel.
Pikel is moderately wounded.
Pikel hits you with a whip of flaming!
You die...

########## #.........
#.######## ####.#
##...### #######
##.....##
.......##p......########
# #.@Kpp._...#....... ..
#..#p......########
.###.#..##.....##.......
........###...######....
.###.#....#####......#.#
............#######.#.#
#.#.###.........# ##.#.#
. #.########.##.# #.....
#........##.# #....#


You could see Pikel and 4 slaves.

Vanquished Creatures
  Prince Ribbit (D:5)
  Sigmund (D:4)
  Menkaure (D:6)
  A sky beast (D:5)
  A black bear (D:6)
  3 ogres
  2 centaurs
  Blork the orc (D:4)
  A crimson imp (D:2)
  5 hounds
  A quasit (D:6)
  Ijyb (D:2)
  Natasha (D:2)
  An iguana (D:3)
  7 worker ants
  A killer bee zombie (D:5)
  A hound skeleton (D:6)
  10 adders
  3 gnolls (D:5)
  A shadow imp (D:5)
  3 oozes
  An adder skeleton (D:4)
  3 worms
  A dart slug (D:3)
  3 giant geckos
  5 orcs
  2 ball pythons
  2 giant cockroaches
  4 goblins (D:2)
  4 hobgoblins
  12 jackals
  3 kobolds
  4 quokkas
  2 bats (D:2)
  2 giant newts
  A quokka skeleton (D:4)
  7 rats
103 creatures vanquished.

Notes
Turn   | Place    | Note
--------------------------------------------------------------
     0 | D:1      | gorblad the Felid Monk began the quest for the Orb.
     0 | D:1      | Reached XP level 1. HP: 10/10 MP: 2/2
    64 | D:1      | You fall through a shaft!
    65 | D:2      | Reached XP level 2. HP: 14/14 MP: 3/3
   234 | D:2      | Noticed Ijyb
   245 | D:2      | Killed Ijyb
   245 | D:2      | Reached XP level 3. HP: 17/17 MP: 4/4
   525 | D:2      | Found a burning altar of Makhleb.
   552 | D:2      | Reached skill level 5 in Dodging
   552 | D:2      | Reached XP level 4. HP: 19/21 MP: 5/5
   601 | D:2      | Noticed Natasha
   612 | D:2      | Killed Natasha
   820 | D:2      | Reached XP level 5. HP: 19/24 MP: 6/6
  1874 | D:3      | Found an oddly glowing altar of Pakellas.
  1883 | D:3      | Found an iron altar of Okawaru.
  1948 | D:3      | Found a stormy altar of Qazlal.
  1994 | D:3      | Reached skill level 5 in Stealth
  1995 | D:3      | Gained mutation: Your body sometimes deteriorates upon taking damage. [potion of mutation]
  1995 | D:3      | Lost mutation: Your body sometimes deteriorates upon taking damage. [potion of mutation]
  1995 | D:3      | Gained mutation: Potions and wands are less effective at restoring your health. [potion of mutation]
  2001 | D:3      | HP: 1/25 [poisoned by a worker ant]
  2005 | D:3      | Succumbed to a worker ant's poison
  2006 | D:3      | Reached XP level 4. HP: 0/22 MP: 5/5
  2122 | D:3      | Noticed an ogre
  2134 | D:3      | Killed an ogre
  2134 | D:3      | Reached XP level 5. HP: 25/25 MP: 6/6
  2323 | D:4      | Found a staircase to the Ecumenical Temple.
  2417 | D:4      | Gained mutation: You are covered in thick fur (AC +2). [Felid growth]
  2417 | D:4      | Reached XP level 6. HP: 28/28 MP: 7/7
  2521 | D:4      | Reached skill level 5 in Unarmed Combat
  2611 | D:4      | Noticed Blork the orc
  2618 | D:4      | Killed Blork the orc
  2618 | D:4      | Reached XP level 7. HP: 32/32 MP: 8/8
  2856 | D:4      | Noticed Sigmund
  2858 | D:4      | Killed Sigmund
  2983 | D:5      | Entered Level 5 of the Dungeon
  3118 | D:5      | Noticed Prince Ribbit
  3122 | D:5      | Killed Prince Ribbit
  3262 | D:5      | Found Wumm's Food Emporium.
  3473 | D:5      | Reached XP level 8. HP: 20/36 MP: 9/9
  3924 | D:5      | Reached skill level 5 in Fighting
  4268 | D:6      | Noticed Menkaure
  4275 | D:6      | Killed Menkaure
  4328 | D:6      | Found a snail-covered altar of Cheibriados.
  4382 | D:6      | Noticed a hill giant
  4394 | D:6      | Slain by a hill giant
  4395 | D:6      | Reached XP level 7. HP: -4/33 MP: 8/8
  5281 | D:6      | Reached XP level 8. HP: 37/37 MP: 9/9
  5294 | D:6      | Found an opulent altar of Gozag.
  5295 | D:6      | Noticed Pikel
  5314 | D:6      | Mangled by Pikel

Vault maps used:
D:1:      dpeg_arrival_water_fire, corexii_leaking_fountain
D:2:      makhleb_grotto_becter, first_bread, uniq_natasha, uniq_iyjb
D:3:      overflow_temple_1_default, amethyst_overflow_temple_binary,
          minivault_23, supply_closet_lemuel
D:4:      nicolae_overflow_hidden_temple, minmay_temple_entry_trees,
          hangedman_decor_points, minmay_misc_feat_chi, uniq_blork_the_orc,
          uniq_sigmund
D:5:      serial_shops, shop, uniq_prince_ribbit1
D:6:      cheibrodos_worm_habitat, lemuel_round_altar, guppyfry_shop_venom,
          uniq_pikel, uniq_menkaure

Skill      XL: |  1  2  3  4  5  6  7  8 |
---------------+-------------------------+-----
Stealth        | 3 4 6 8 9 |  9.9
Dodging        | 5 6 7 8 9 |  9.5
Fighting       | 4 5 |  5.4
Unarmed Combat | 5 6 |  6.0

Action                   |  1- 3 |  4- 6 |  7- 9 || total
-------------------------+-------+-------+-------++-------
Melee: Unarmed           |    54 |    99 |   144 ||   297
  Use: Scroll            |       |     5 |     4 ||     9
       Potion            |       |     4 |     2 ||     6
 Stab: Sleeping          |     6 |    22 |    16 ||    44
       Invisible         |       |       |     2 ||     2
       Distracted        |       |       |     1 ||     1
  Eat: Chunk             |     6 |     6 |    12 ||    24
